SNL (28 & UNDER)
SANTA FE DIABLOS @ BLACKIRON DRAGONS
09/18/2030
 
TOP OF THE 1ST
Santa Fe Diablos batting - Pitching for BlackIron Dragons : RHP James Mantle
Pitching: RHP James Mantle
Batting: LHB David Hernández 0-0: Fly out, F8 (Flyball, 78D)
Batting: LHB Juan Torres 0-0: Called Strike
0-1: Ball
1-1: Foul Ball, location: 2F
1-2: Foul Ball, location: 2F
1-2: Foul Ball, location: 2F
1-2: Fly out, F7 (Flyball, 7S)
Batting: RHB Ray Ervin 0-0: Ball
1-0: Foul Ball, location: 2F
1-1: Fly out, F9 (Flyball, 9S)
Top of the 1st over - 0 runs, 0 hits, 0 errors, 0 left on base; Santa Fe 0 - BlackIron 0
BOTTOM OF THE 1ST
BlackIron Dragons batting - Pitching for Santa Fe Diablos : RHP Ron Hannah
Pitching: RHP Ron Hannah
Batting: RHB Joaquín Valenzuela 0-0: Foul Ball, location: 2F
0-1: Ball
1-1: Fly out, F8 (Flyball, 8RM)
Batting: RHB Bernardo Corona 0-0: Fly out, F7 (Flyball, 7LM)
Batting: RHB Millard Long 0-0: SINGLE (Groundball, 56D)
Batting: RHB Roderick Silva 0-0: Called Strike
0-1: Called Strike
0-2: Ball
1-2: Ball
2-2: Ball
3-2: Foul Ball, location: 2F
3-2: Base on Balls
Millard Long to second
Batting: RHB Iván Granados 0-0: Ball
1-0: Ball
2-0: Foul Ball, location: 2F
2-1: Ball
3-1: Foul Ball, location: 2F
3-2: Base on Balls
Millard Long to third
Roderick Silva to second
Batting: RHB Jason Erickson 0-0: Ball
1-0: Ball
2-0: Ball
3-0: Called Strike
3-1: Foul Ball, location: 2F
3-2: Strikes out swinging
Bottom of the 1st over - 0 runs, 1 hit, 0 errors, 3 left on base; Santa Fe 0 - BlackIron 0
TOP OF THE 2ND
Santa Fe Diablos batting - Pitching for BlackIron Dragons : RHP James Mantle
Batting: LHB Arturo Rodledo 0-0: Called Strike
0-1: Ball
1-1: Foul Ball, location: 2F
1-2: Ball
2-2: SOLO HOME RUN (Flyball, 7D), Distance : 411 ft
Batting: RHB Flint Todd 0-0: Ball
1-0: Swinging Strike
1-1: SINGLE (Line Drive, 78M)
Batting: RHB Luis Mercado 0-0: Called Strike
Flint Todd is caught stealing 2nd base
0-1: Fly out, F8 (Flyball, 8LD)
Batting: RHB Chris Rice 0-0: Ball
1-0: Called Strike
1-1: Swinging Strike
1-2: Strikes out swinging
Top of the 2nd over - 1 run, 2 hits, 0 errors, 0 left on base; Santa Fe 1 - BlackIron 0
BOTTOM OF THE 2ND
BlackIron Dragons batting - Pitching for Santa Fe Diablos : RHP Ron Hannah
Batting: RHB Júlio Rodríguez 0-0: Swinging Strike
0-1: Ball
1-1: Ball
2-1: DOUBLE (Flyball, 8LXD)
Batting: RHB Randall Walker 0-0: SINGLE (Groundball, 56D)
Júlio Rodríguez to third
Batting: RHB Mel Wells 0-0: Ground out 3-1 (Groundball, 34S)
Júlio Rodríguez scores
Randall Walker to second
Batting: RHB Joaquín Valenzuela 0-0: Called Strike
Randall Walker is caught stealing 3rd base
0-1: Swinging Strike
0-2: Foul Ball, location: 2F
0-2: Ball
1-2: Ball
2-2: Ground out 3-1 (Groundball, 34)
Bottom of the 2nd over - 1 run, 2 hits, 0 errors, 0 left on base; Santa Fe 1 - BlackIron 1
TOP OF THE 3RD
Santa Fe Diablos batting - Pitching for BlackIron Dragons : RHP James Mantle
Batting: LHB Luis Gallegos 0-0: Called Strike
0-1: Called Strike
0-2: Strikes out swinging
Batting: RHB Nate Atkinson 0-0: Called Strike
0-1: Ball
1-1: Swinging Strike
1-2: Ball
2-2: Foul Ball, location: 2F
2-2: Foul Ball, location: 2F
2-2: Foul Ball, location: 2F
2-2: Ball
3-2: Base on Balls
Batting: LHB David Hernández 0-0: Ball
1-0: Foul Ball, location: 2F
1-1: Foul Ball, location: 2F
1-2: DOUBLE (Line Drive, 7)
Nate Atkinson to third
Batting: LHB Juan Torres 0-0: Ground out 5-3 (Groundball, 56)
Nate Atkinson scores
Batting: RHB Ray Ervin 0-0: Ball
1-0: Called Strike
1-1: Ball
2-1: Foul Ball, location: 2F
2-2: Strikes out swinging
Top of the 3rd over - 1 run, 1 hit, 0 errors, 1 left on base; Santa Fe 2 - BlackIron 1
BOTTOM OF THE 3RD
BlackIron Dragons batting - Pitching for Santa Fe Diablos : RHP Ron Hannah
Batting: RHB Bernardo Corona 0-0: Ball
1-0: Ground out 4-3 (Groundball, 4S)
Batting: RHB Millard Long 0-0: Ball
1-0: Called Strike
1-1: Fly out, F7 (Flyball, 78M)
Batting: RHB Roderick Silva 0-0: Swinging Strike
0-1: Ball
1-1: Ball
2-1: Foul Ball, location: 2F
2-2: Ball
3-2: Base on Balls
Batting: RHB Iván Granados 0-0: Called Strike
0-1: Foul Ball, location: 2F
0-2: Ball
1-2: DOUBLE (Line Drive, 7LM)
Roderick Silva to third
Runner from 3rd tries for Home, SAFE, no throw
Batting: RHB Jason Erickson 0-0: Called Strike
0-1: Ball
1-1: DOUBLE (Line Drive, 9LM)
Iván Granados scores
Batting: RHB Júlio Rodríguez 0-0: Ball
1-0: Ball
2-0: Ball
3-0: Base on Balls
Batting: RHB Randall Walker 0-0: Foul Ball, location: 2F
0-1: SINGLE (Groundball, 6M) (infield hit)
Jason Erickson to third
Júlio Rodríguez to second
Batting: RHB Mel Wells 0-0: Fly out, F3 (Line Drive, 3)
Bottom of the 3rd over - 2 runs, 3 hits, 0 errors, 3 left on base; Santa Fe 2 - BlackIron 3
TOP OF THE 4TH
Santa Fe Diablos batting - Pitching for BlackIron Dragons : RHP James Mantle
Batting: LHB Arturo Rodledo 0-0: Ball
1-0: Foul Ball, location: 2F
1-1: Ball
2-1: SINGLE (Groundball, 6MD)
Batting: RHB Flint Todd 0-0: Fielders Choice at 2nd, 5-4 (Groundball, 5)
Batting: RHB Luis Mercado 0-0: Called Strike
0-1: Foul Ball, location: 2F
0-2: Ball
1-2: DOUBLE (Line Drive, 7D)
Flint Todd to third
Batting: RHB Chris Rice 0-0: Ball
1-0: Ball
2-0: Ball
3-0: Called Strike
3-1: Foul Ball, location: 2F
3-2: Strikes out swinging
Batting: LHB Luis Gallegos 0-0: Called Strike
0-1: Ball
1-1: Swinging Strike
1-2: Ball
2-2: Strikes out swinging
Top of the 4th over - 0 runs, 2 hits, 0 errors, 2 left on base; Santa Fe 2 - BlackIron 3
BOTTOM OF THE 4TH
BlackIron Dragons batting - Pitching for Santa Fe Diablos : RHP Ron Hannah
Batting: RHB Joaquín Valenzuela 0-0: Ball
1-0: Ball
2-0: Ground out 4-3 (Groundball, 34)
Batting: RHB Bernardo Corona 0-0: Ball
1-0: Swinging Strike
1-1: Called Strike
1-2: Foul Ball, location: 2F
1-2: Ground out 4-3 (Groundball, 4)
Batting: RHB Millard Long 0-0: Ball
1-0: Called Strike
1-1: Called Strike
1-2: Strikes out swinging
Bottom of the 4th over - 0 runs, 0 hits, 0 errors, 0 left on base; Santa Fe 2 - BlackIron 3
TOP OF THE 5TH
Santa Fe Diablos batting - Pitching for BlackIron Dragons : RHP James Mantle
Batting: RHB Nate Atkinson 0-0: Foul Ball, location: 2F
0-1: Ball
1-1: Foul Ball, location: 2F
1-2: Foul Ball, location: 2F
1-2: Ball
2-2: SINGLE (Groundball, 6MD)
Batting: LHB David Hernández 0-0: Called Strike
0-1: Hit by Pitch
Nate Atkinson to second
Batting: LHB Juan Torres 0-0: Ball
1-0: Foul Ball, location: 2F
1-1: Foul Ball, location: 2F
1-2: Foul Ball, location: 2F
1-2: SINGLE (Flyball, 8RS)
Nate Atkinson to third
David Hernández to second
Batting: RHB Ray Ervin 0-0: Ball
1-0: Called Strike
1-1: Called Strike
1-2: Strikes out swinging
Pitching: LHP Nick Walters
Batting: LHB Arturo Rodledo 0-0: Ball
1-0: Ball
2-0: Ball
3-0: Base on Balls
Nate Atkinson scores
David Hernández to third
Juan Torres to second
Batting: RHB Flint Todd 0-0: Ball
1-0: Ball
2-0: Foul Ball, location: 2F
2-1: Ball
3-1: Base on Balls
David Hernández scores
Juan Torres to third
Arturo Rodledo to second
Batting: RHB Luis Mercado 0-0: Called Strike
0-1: Foul Ball, location: 2F
0-2: Strikes out swinging
Batting: RHB Chris Rice 0-0: Called Strike
0-1: Called Strike
0-2: Fly out, F8 (Flyball, 8RM)
Top of the 5th over - 2 runs, 2 hits, 0 errors, 3 left on base; Santa Fe 4 - BlackIron 3
BOTTOM OF THE 5TH
BlackIron Dragons batting - Pitching for Santa Fe Diablos : RHP Ron Hannah
Batting: RHB Roderick Silva 0-0: Ball
1-0: Ball
2-0: Ball
3-0: Called Strike
3-1: Called Strike
3-2: Foul Ball, location: 2F
3-2: Ground out 5-3 (Groundball, 56S)
Batting: RHB Iván Granados 0-0: Ball
1-0: Foul Ball, location: 2F
1-1: Called Strike
1-2: Fly out, F4 (Popup, 3D)
Batting: RHB Jason Erickson 0-0: Foul Ball, location: 2F
0-1: Ball
1-1: Foul Ball, location: 2F
1-2: Strikes out looking
Bottom of the 5th over - 0 runs, 0 hits, 0 errors, 0 left on base; Santa Fe 4 - BlackIron 3
TOP OF THE 6TH
Santa Fe Diablos batting - Pitching for BlackIron Dragons : LHP Nick Walters
Batting: LHB Luis Gallegos 0-0: Ball
1-0: Fly out, F8 (Flyball, 8RD)
Batting: RHB Nate Atkinson 0-0: Called Strike
0-1: Ball
1-1: Called Strike
1-2: DOUBLE (Line Drive, 7LM)
Batting: LHB David Hernández 0-0: Intentional Walk
Batting: LHB Juan Torres 0-0: Foul Ball, location: 2F
0-1: Ball
1-1: Swinging Strike
1-2: Foul Ball, location: 2F
1-2: Foul Ball, location: 2F
1-2: Grounds into double play, 3-6-4 (Groundball, 34)
Top of the 6th over - 0 runs, 1 hit, 0 errors, 1 left on base; Santa Fe 4 - BlackIron 3
BOTTOM OF THE 6TH
BlackIron Dragons batting - Pitching for Santa Fe Diablos : RHP Ron Hannah
Batting: RHB Júlio Rodríguez 0-0: Ball
1-0: SINGLE (Groundball, 5D)
Batting: RHB Randall Walker 0-0: Ball
1-0: Grounds into double play, 6-4-3 (Groundball, 6)
Batting: RHB Mel Wells 0-0: Swinging Strike
0-1: Foul Ball, location: 2F
0-2: Strikes out swinging
Bottom of the 6th over - 0 runs, 1 hit, 0 errors, 0 left on base; Santa Fe 4 - BlackIron 3
TOP OF THE 7TH
Santa Fe Diablos batting - Pitching for BlackIron Dragons : LHP Nick Walters
Batting: RHB Ray Ervin 0-0: Foul Ball, location: 2F
0-1: Ball
1-1: SINGLE (Groundball, 56D)
Pinch Hitting: RHB Nick Vogel 0-0: Called Strike
0-1: Called Strike
0-2: Grounds into double play, 4-6-3 (Groundball, 4)
Batting: RHB Flint Todd 0-0: Called Strike
0-1: Swinging Strike
0-2: Foul Ball, location: 2F
0-2: Ball
1-2: Ball
2-2: SOLO HOME RUN (Flyball, 7LD), Distance : 391 ft
Batting: RHB Luis Mercado 0-0: Ground out 5-3 (Groundball, 5L)
Top of the 7th over - 1 run, 2 hits, 0 errors, 0 left on base; Santa Fe 5 - BlackIron 3
BOTTOM OF THE 7TH
BlackIron Dragons batting - Pitching for Santa Fe Diablos : RHP Ron Hannah
Now at 1B: Mike Martin
Batting: RHB Joaquín Valenzuela 0-0: Called Strike
0-1: Ball
1-1: Foul Ball, location: 2F
1-2: Strikes out swinging
Batting: RHB Bernardo Corona 0-0: Ball
1-0: Ball
2-0: Ball
3-0: Called Strike
3-1: Foul Ball, location: 2F
3-2: Base on Balls
Pitching: RHP Ted Stuart
Batting: RHB Millard Long 0-0: Ball
Bernardo Corona is caught stealing 2nd base
1-0: Foul Ball, location: 2F
1-1: Ball
2-1: Fly out, F8 (Flyball, 8LM)
Bottom of the 7th over - 0 runs, 0 hits, 0 errors, 0 left on base; Santa Fe 5 - BlackIron 3
TOP OF THE 8TH
Santa Fe Diablos batting - Pitching for BlackIron Dragons : LHP Nick Walters
Batting: RHB Chris Rice 0-0: Ball
1-0: Ball
2-0: Ball
3-0: Swinging Strike
3-1: Base on Balls
Pitching: LHP Desi Wells
Batting: LHB Luis Gallegos 0-0: Ball
1-0: Ball
2-0: Fly out, F2 (Popup, 5SF)
Batting: RHB Nate Atkinson 0-0: Called Strike
0-1: Ball
1-1: Ball
2-1: Foul Ball, location: 2F
2-2: Foul Ball, location: 2F
2-2: Ball
3-2: Foul Ball, location: 2F
3-2: Strikes out swinging
Chris Rice is caught stealing 2nd base
Batter strikes out.
Top of the 8th over - 0 runs, 0 hits, 0 errors, 0 left on base; Santa Fe 5 - BlackIron 3
BOTTOM OF THE 8TH
BlackIron Dragons batting - Pitching for Santa Fe Diablos : RHP Ted Stuart
Now in LF: Luis Torres
Batting: RHB Roderick Silva 0-0: Called Strike
0-1: SINGLE (Groundball, 6D)
Batting: RHB Iván Granados 0-0: Ball
1-0: Foul Ball, location: 2F
1-1: Called Strike
1-2: Strikes out swinging
Batting: RHB Jason Erickson 0-0: Called Strike
0-1: Ball
1-1: DOUBLE (Line Drive, 7LD)
Roderick Silva to third
Batting: RHB Júlio Rodríguez 0-0: Called Strike
0-1: Foul Ball, location: 2F
0-2: Strikes out swinging, 2-3 out at first.
Pinch Hitting: LHB Giovannino Arduino 0-0: Ground out 5-3 (Groundball, 5)
Bottom of the 8th over - 0 runs, 2 hits, 0 errors, 2 left on base; Santa Fe 5 - BlackIron 3
TOP OF THE 9TH
Santa Fe Diablos batting - Pitching for BlackIron Dragons : LHP Desi Wells
Now in LF: Giovannino Arduino
Batting: LHB David Hernández 0-0: Ball
1-0: Ground out 6-3 (Groundball, 6)
Batting: LHB Luis Torres 0-0: Swinging Strike
0-1: Ball
1-1: Called Strike
1-2: Foul Ball, location: 2F
1-2: Strikes out swinging
Batting: RHB Ray Ervin 0-0: Ball
1-0: Reached on error, E6 (Groundball, 6)
Batting: RHB Mike Martin 0-0: Swinging Strike
0-1: Ball
1-1: Called Strike
1-2: Hit by Pitch
Batting: RHB Flint Todd 0-0: Ball
1-0: Foul Ball, location: 2F
1-1: Foul Ball, location: 2F
1-2: Ball
2-2: Foul Ball, location: 2F
2-2: Strikes out looking
Top of the 9th over - 0 runs, 0 hits, 1 error, 2 left on base; Santa Fe 5 - BlackIron 3
BOTTOM OF THE 9TH
BlackIron Dragons batting - Pitching for Santa Fe Diablos : RHP Ted Stuart
Pitching: LHP Juan Parrot
Batting: RHB Mel Wells 0-0: Ball
1-0: Ball
2-0: Ball
3-0: Base on Balls
Pinch Hitting: RHB Doug O'Brien 0-0: Ball
1-0: Ball
2-0: Called Strike
2-1: Ball
3-1: Foul Ball, location: 2F
3-2: Fly out, F9 (Flyball, 9LS)
Pinch Hitting: RHB Foster Hapgood 0-0: Foul Ball, location: 2F
0-1: Ball
1-1: Called Strike
1-2: Ground out 4-3 (Groundball, 34)
Mel Wells to second
Batting: RHB Millard Long 0-0: Called Strike
0-1: Called Strike
0-2: Ball
1-2: Ball
2-2: Foul Ball, location: 2F
2-2: Foul Ball, location: 2F
2-2: Foul Ball, location: 2F
2-2: Foul Ball, location: 2F
2-2: Ball
3-2: Foul Ball, location: 2F
3-2: SINGLE (Groundball, 56D)
Mel Wells to third
Mel Wells scores
Batting: RHB Roderick Silva 0-0: Ball
1-0: Called Strike
1-1: Ball
2-1: Swinging Strike
2-2: Strikes out looking
Bottom of the 9th over - 1 run, 1 hit, 0 errors, 1 left on base; Santa Fe 5 - BlackIron 4
Saturday, April 7th, 2018 - OOTP Baseball 18.8 Build 76